 Dungeon Crawl Stone Soup version 0.21.0-37-g46506fa (webtiles) character file.

8501 garbagetei the Spear-Bearer (level 11, -8/86 HPs)
             Began as a Formicid Fighter on Jan 30, 2018.
             Was a High Priest of Okawaru.
             Mangled by a white ugly thing (19 damage)
             ... on level 11 of the Dungeon.
             The game lasted 00:49:32 (13421 turns).

garbagetei the Spear-Bearer (Formicid Fighter)     Turns: 13421, Time: 00:49:32

Health: -8/86      AC: 11    Str: 24    XL:     11   Next: 57%
Magic:  9/11       EV: 13    Int:  8    God:    Okawaru [*****.]
Gold:   559        SH: 13    Dex: 10    Spells: 9/10 levels left

rFire    + . .     SeeInvis +   V - +4 spear (freeze)
rCold    . . .     Gourm    .   c - +0 shield
rNeg     . . .     Faith    .   z - +2 ring mail {rF+}
rPois    +         Spirit   .   (helmet unavailable)
rElec    .         Reflect  .   (no cloak)
rCorr    .         Harm     .   (no gloves)
MR       +....                  L - +0 pair of boots
Stlth    +++.......             (no amulet)
HPRegen  0.24/turn              k - ring of poison resistance
MPRegen  0.12/turn              (no ring)

@: heroism, drained
A: permanent stasis, dig shafts and tunnels, four strong arms, antennae 3
a: Dig, Shaft Self, Heroism, Finesse, Renounce Religion


You were on level 11 of the Dungeon.
You worshipped Okawaru.
Okawaru was extremely pleased with you.
You were not hungry.

You visited 2 branches of the dungeon, and saw 14 of its levels.

You collected 673 gold pieces.
You spent 114 gold pieces at shops.

Inventory:

Hand Weapons
 a - a +0 trident
 C - a +0 trident
 G - a +3 trident
 S - a +3 spear
 V - a +4 spear of freezing (weapon)
Missiles
 i - 21 poisoned needles
Armour
 b - a +0 scale mail
 c - a +0 shield (worn)
 p - a +0 ring mail of poison resistance
 r - a cursed +0 plate armour
 s - a +0 scale mail of cold resistance
 t - a +0 robe
 y - a +0 scale mail
 z - a +2 ring mail of fire resistance (worn)
 L - a +0 pair of boots (worn)
 M - +0 steam dragon scales
Jewellery
 k - a ring of poison resistance (left hand)
 q - an uncursed ring of poison resistance
 D - an uncursed ring of fire
 O - an uncursed ring of poison resistance
 T - a cursed -2 ring of evasion
Wands
 J - a wand of paralysis (17)
 K - a wand of digging (18)
 N - a wand of random effects (46)
 U - a wand of flame (17)
Scrolls
 d - 2 scrolls of magic mapping {unknown}
 e - 2 scrolls of enchant armour {unknown}
 g - 4 scrolls of blinking {unknown}
 j - 7 scrolls of amnesia
 l - 2 scrolls of fog
 m - 2 scrolls of fear
 n - 4 scrolls of remove curse
 o - 3 scrolls of teleportation {unknown}
 v - a scroll of identify
 E - a scroll of noise
 H - a scroll of vulnerability {unknown}
 P - a scroll of acquirement {unknown}
Potions
 h - 2 potions of haste
 u - a potion of brilliance {unknown}
 x - a potion of ambrosia {unknown}
 A - 2 potions of heal wounds
 B - a potion of agility {unknown}
 F - 2 potions of curing
 I - 2 potions of lignification {unknown}
 R - a potion of cancellation {unknown}
Books
 w - a book of Cantrips

   Spells                             Type                      Level
   a - Confusing Touch                Hexes                        1
   b - Animate Skeleton               Necromancy                   1
   c - Summon Small Mammal            Summoning                    1
   d - Apportation                    Translocation                1
Miscellaneous
 Q - a lightning rod (4/4)
Comestibles
 f - 25 rations


   Skills:
 + Level 7.8(12.6) Fighting
 * Level 13.0(17.8) Polearms
 + Level 0.2(5.1) Throwing
 + Level 6.7(11.6) Armour
 - Level 0.1(5.0) Dodging
 + Level 3.2(8.1) Stealth
 + Level 8.9(13.7) Shields


You had 9 spell levels left.
You knew the following spells:

 Your Spells              Type           Power        Failure   Level  Hunger
a - Confusing Touch       Hex            #.....       52%         1    ##.....


Dungeon Overview and Level Annotations

Branches:
Dungeon (13/15)            Temple (1/1) D:4            Lair (0/6) D:8
    Orc: D:9-12      Vaults: D:13-14

Altars:
Ashenzari
Cheibriados
Fedhas
Kikubaaqudgha
Makhleb
Nemelex Xobeh
Okawaru
Ru
Uskayaw
Wu Jian
Xom
The Shining One

Shops:
D:4 }(   D:9 }

Portals:
Labyrinth: D:13

Annotations:
D:3 Sigmund
D:8 exclusions: two-headed ogre and 2 more exclusions
D:9 tidbits's ghost, novice GnTm


Innate Abilities, Weirdness & Mutations

You cannot be hasted, slowed, berserked, paralysed or teleported.
You can dig through walls and to a lower floor.
Your four strong arms can wield two-handed weapons with a shield.
You have a pair of large antennae on your head. (SInv)


Message History

The troll barely misses you. The troll claws you.
* * * LOW HITPOINT WARNING * * *
The troll misses you. The two-headed ogre barely misses you.
The two-headed ogre hits you with a dire flail.
* * * LOW HITPOINT WARNING * * *
A centaur comes into view. It is wielding a shortbow of freezing.
You feel much better.
You block the troll's attack. x2; The troll claws you.
The centaur wields a shortbow.
The centaur shoots an arrow.
The arrow hits you.
You hear a shout!
You fail to use your ability.
You block the two-headed ogre's attack. The two-headed ogre closely misses you.
The troll bites you. The troll misses you. The troll claws you.
The centaur shoots an arrow.
The arrow hits you!
* * * LOW HITPOINT WARNING * * *
You puncture the troll! You freeze the troll.
The troll is moderately wounded.
The white ugly thing punches you!
* * * LOW HITPOINT WARNING * * *
The white ugly thing freezes you!!
You die...

###########
..........#
..........#
..........#
..........#
........O.#
......u@..#
....^(.T..#
..........#
####c######
#.c #.{ .
##


You could see a white ugly thing, a two-headed ogre, a troll and 2 centaurs.

Vanquished Creatures
  A two-headed ogre (D:8)
  The ghost of p0werm0de the Skirmisher, a novice DsFE of Makhleb (D:8)
  Pikel (D:8)
  Grinder (D:3)
  A hippogriff (D:13)
  4 yaks
  Eustachio (D:5)
  A wyvern (D:9)
  2 steam dragons
  2 hungry ghosts
  A necrophage (D:10)
  10 ice beasts
  3 ogres
  3 sky beasts
  A black bear (D:11)
  3 centaurs
  2 big kobolds
  3 bullfrogs
  4 scorpions
  20 wights
  9 howler monkeys
  5 crimson imps
  2 centaur zombies
  2 bullfrog zombies
  5 hounds
  4 jellies (D:10)
  4 orc priests
  A gnoll shaman (D:7)
  2 bullfrog skeletons (D:5)
  4 orc wizards
  Jessica (D:2)
  2 iguanas
  Natasha (thrice) (D:3)
  6 worker ants
  A hound zombie (D:9)
  A howler monkey zombie (D:11)
  Robin (D:2)
  9 gnolls
  6 adders
  4 shadow imps
  5 oozes (D:10)
  An adder skeleton (D:8)
  7 worms
  4 leopard geckos
  29 orcs
  5 giant cockroaches
  5 hobgoblins
  5 jackals
  3 quokkas
  A ball python (D:3)
  7 bats
  5 frilled lizards
  9 goblins
  A jackal skeleton (D:4)
  19 kobolds
  A leopard gecko zombie (D:9)
  A quokka zombie (D:5)
  9 rats
254 creatures vanquished.

Vanquished Creatures (others)
  A human (D:3)
  A fungus (D:8)
  A plant (D:8)
3 creatures vanquished.

Grand Total: 257 creatures vanquished

Notes
Turn   | Place    | Note
-------+----------+-------------------------------------------
     0 | D:1      | garbagetei the Formicid Fighter began the quest for the Orb.
     0 | D:1      | Reached XP level 1. HP: 18/18 MP: 1/1
   251 | D:1      | Reached XP level 2. HP: 24/24 MP: 2/2
   860 | D:2      | Found a burning altar of Makhleb.
   870 | D:2      | Reached XP level 3. HP: 25/30 MP: 3/3
  1008 | D:2      | Reached XP level 4. HP: 37/37 MP: 4/4
  1026 | D:2      | Noticed Robin
  1040 | D:2      | Killed Robin
  1107 | D:2      | Noticed Jessica
  1108 | D:2      | Noticed Sigmund
  1445 | D:2      | Reached skill level 3 in Polearms
  1471 | D:2      | Killed Jessica
  1471 | D:2      | Reached XP level 5. HP: 18/42 MP: 5/5
  2243 | D:2      | Found a sparkling altar of Nemelex Xobeh.
  2748 | D:2      | HP: 2/42 [orc/trident (7)]
  3334 | D:3      | Noticed Grinder
  3352 | D:2      | Reached XP level 6. HP: 35/48 MP: 6/6
  3619 | D:2      | Reached skill level 4 in Polearms
  3639 | D:2      | HP: 2/48 [orc priest (5)]
  3642 | D:2      | Reached skill level 5 in Shields
  3821 | D:3      | Noticed Natasha
  3829 | D:3      | Killed Natasha
  3962 | D:3      | Noticed Natasha
  3983 | D:3      | Killed Natasha
  4112 | D:4      | Found Qeklo's Gadget Boutique.
  4126 | D:5      | Entered Level 5 of the Dungeon
  4129 | D:5      | Noticed a hungry ghost
  4152 | D:4      | Found an iron altar of Okawaru.
  4152 | D:4      | Found a glowing golden altar of the Shining One.
  4158 | D:4      | Became a worshipper of Warmaster Okawaru
  4198 | D:4      | Learned a level 1 spell: Confusing Touch
  4482 | D:4      | Found a shimmering altar of Xom.
  4485 | D:4      | Found a staircase to the Ecumenical Temple.
  4506 | D:4      | Reached skill level 5 in Polearms
  4506 | D:4      | Reached XP level 7. HP: 46/55 MP: 7/7
  4538 | Temple   | Entered the Ecumenical Temple
  4670 | D:4      | Found a blossoming altar of Fedhas.
  4800 | D:4      | Found Bixkui's Weapon Shop.
  5422 | D:4      | Reached * piety under Okawaru
  5422 | D:4      | Reached skill level 6 in Polearms
  5484 | D:4      | Reached XP level 8. HP: 36/61 MP: 8/8
  6065 | D:5      | Noticed Eustachio
  6072 | D:4      | Reached skill level 7 in Polearms
  6192 | D:4      | Reached skill level 5 in Fighting
  6246 | D:5      | Reached skill level 5 in Armour
  6302 | D:5      | Reached ** piety under Okawaru
  6652 | D:6      | Reached skill level 8 in Polearms
  6652 | D:6      | Reached XP level 9. HP: 38/68 MP: 9/9
  7127 | D:6      | Reached skill level 1 in Stealth
  7267 | D:6      | Reached skill level 9 in Polearms
  7642 | D:8      | Reached *** piety under Okawaru
  7862 | D:8      | Found a staircase to the Lair.
  8003 | D:8      | Noticed a two-headed ogre
  8020 | D:8      | Killed a two-headed ogre
  8020 | D:8      | Reached skill level 10 in Polearms
  8020 | D:8      | Reached XP level 10. HP: 54/76 MP: 10/10
  8202 | D:8      | Noticed a two-headed ogre
  8246 | D:8      | Noticed a two-headed ogre
  8403 | D:9      | Found Yfotadd's Gadget Shop.
  8569 | D:9      | Reached **** piety under Okawaru
  8569 | D:9      | Reached skill level 11 in Polearms
  8586 | D:10     | Entered Level 10 of the Dungeon
  8600 | D:10     | Found a hide-covered altar of Uskayaw.
  8850 | D:9      | Noticed tidbits's ghost (novice GnTm)
  9379 | D:10     | Noticed a skeletal warrior
 10177 | D:7      | Found a sacrificial altar of Ru.
 10277 | D:8      | Noticed p0werm0de's ghost (novice DsFE)
 10383 | D:8      | Killed p0werm0de's ghost
 10569 | D:6      | Reached XP level 11. HP: 80/83 MP: 11/11
 10660 | D:5      | Killed Eustachio
 10660 | D:5      | Reached ***** piety under Okawaru
 10660 | D:5      | Reached skill level 12 in Polearms
 10776 | D:3      | Found an ancient bone altar of Kikubaaqudgha.
 10814 | D:3      | Killed Grinder
 10915 | D:3      | Noticed Natasha
 10917 | D:3      | Killed Natasha
 11704 | D:8      | Noticed Pikel
 11727 | D:8      | Killed Pikel
 12690 | D:11     | Reached skill level 13 in Polearms
 12725 | D:11     | Noticed a two-headed ogre
 12883 | D:9      | Bought a wand of flame (17) for 114 gold pieces
 12927 | D:9      | You fall through a shaft!
 12930 | D:10     | You fall through a shaft for 3 floors!
 13271 | D:13     | Noticed a seven-headed hydra
 13330 | D:13     | Noticed a two-headed ogre
 13343 | D:13     | Noticed a cyclops
 13373 | D:13     | Found a labyrinth entrance.
 13396 | D:12     | Noticed a two-headed ogre
 13417 | D:11     | Noticed a white ugly thing
 13421 | D:11     | Mangled by a white ugly thing

Skill      XL: |  1  2  3  4  5  6  7  8  9 10 11 |
---------------+----------------------------------+-----
Shields        | 4 5 6 7 8 |  8.9
Fighting       | 4 5 6 7 |  7.8
Polearms       | 3 5 6 8 10 11 13 | 13.0
Armour         | 4 5 6 |  6.7
Stealth        | 2 3 |  3.2
Throwing       | |  0.2
Dodging        | |  0.1

Action                   |  1- 3 |  4- 6 |  7- 9 | 10-12 || total
-------------------------+-------+-------+-------+-------++-------
Melee: Trident           |    62 |   258 |   355 |   463 ||  1138
       Spear             |       |       |       |    41 ||    41
Throw: Throwing net      |       |       |     2 |       ||     2
Invok: Heroism           |       |       |     2 |     3 ||     5
 Abil: Dig               |       |       |       |     8 ||     8
       Shaft Self        |       |       |       |     2 ||     2
  Use: Potion            |       |     6 |       |     1 ||     7
       Scroll            |       |     6 |     1 |     2 ||     9
 Stab: Held in net/web   |       |       |     1 |       ||     1
       Distracted        |       |       |       |     2 ||     2
       Sleeping          |       |       |       |     1 ||     1
  Eat: Chunk             |       |     8 |    11 |    15 ||    34
       Ration            |       |     1 |     1 |     2 ||     4
Armor: Scale mail        |    10 |    63 |       |       ||    73
       Ring mail         |       |    27 |    80 |    81 ||   188
Dodge: Dodged            |    16 |    89 |    86 |    90 ||   281
Block: Shield            |    29 |   150 |   156 |   165 ||   500
